 Dungeon Crawl Stone Soup version 0.30.0-10-gfe55d96785 (webtiles) character file.

Game seed: 6037033302018274815

19 CaptainMV the Fighter (level 2, -2/33 HPs)
             Began as a Gnoll Wanderer on May 16, 2023.
             Succumbed to a kobold's poison
             ... on level 1 of the Dungeon.
             The game lasted 00:01:59 (138 turns).

CaptainMV the Fighter (Gnoll Wanderer)               Turns: 138, Time: 00:01:59

Health: -2/33      AC:  5    Str: 10    XL:     2   Next: 75%
Magic:  3/3        EV: 10    Int: 10    God:
Gold:   13         SH:  0    Dex: 13    Spells: 2/2 levels left

rFire   . . .        a - +2 dagger
rCold   . . .        (no shield)
rNeg    . . .        d - +0 ring mail
rPois   .            (no helmet)
rElec   .            (no cloak)
rCorr   .            (no gloves)
SInv    .            (no boots)
Will    .....        (no amulet)
Stlth   +            (no ring)
HPRegen 0.25/turn    (no ring)
MPRegen 0.08/turn

%: no passive effects
@: lethally poisoned (-2 -> -14)
A: fangs 1, strong nose, distributed training
a: no special abilities


You were on level 1 of the Dungeon.
You visited 1 branch of the dungeon, and saw 1 of its levels.

You collected 13 gold pieces.

Inventory:

Hand Weapons
 a - a +2 dagger (weapon)
 c - a +0 falchion
Missiles
 b - 3 curare-tipped darts (quivered)
Armour
 d - a +0 ring mail (worn)
Scrolls
 e - a scroll of fog
Potions
 f - a potion of curing {unknown}


   Skills:
 + Level 8.5 Fighting
 + Level 0.5 Short Blades
 + Level 2.5 Long Blades
 + Level 0.5 Axes
 + Level 0.5 Maces & Flails
 + Level 0.5 Polearms
 + Level 0.5 Staves
 + Level 0.5 Ranged Weapons
 + Level 4.5 Throwing
 + Level 2.5 Armour
 + Level 0.5 Dodging
 + Level 2.3 Stealth
 + Level 0.5 Shields
 + Level 0.5 Unarmed Combat
 + Level 0.5 Spellcasting
 + Level 0.4 Conjurations
 + Level 0.4 Hexes
 + Level 0.4 Summonings
 + Level 0.4 Necromancy
 + Level 0.4 Translocations
 + Level 0.4 Transmutations
 + Level 0.4 Fire Magic
 + Level 0.4 Ice Magic
 + Level 0.4 Air Magic
 + Level 0.4 Earth Magic
 + Level 0.4 Poison Magic
 + Level 2.5 Invocations
 + Level 0.5 Evocations


You had 2 spell levels left.
You didn't know any spells.
Your spell library was empty.

Dungeon Overview and Level Annotations

Branches:
Dungeon (1/15)

Altars:


Innate Abilities, Weirdness & Mutations

You have very sharp teeth.
Your uncanny sense of smell can sniff out nearby items.
Your experience applies equally to all skills.


Message History

You hit the bat.
You kill the bat!
An endoplasm is nearby!
An endoplasm is nearby!
The endoplasm hits you but does no damage.
You see here a bat corpse.
You hit the endoplasm.
The endoplasm is almost dead.
The endoplasm hits you.
You hit the endoplasm.
You kill the endoplasm!
You see here a hobgoblin corpse.
A kobold, a frilled lizard and a ball python come into view.
The kobold is wielding a +1 short sword of venom.
Found a ring mail, a pair of boots, a sling and a flail.
The frilled lizard hisses angrily.
The ball python hisses angrily.
The kobold shouts!
You hear a shout!
The kobold hits you with a +1 short sword of venom.
You are poisoned.
You hit the kobold but do no damage.
You feel very sick. The frilled lizard bites you.
* * * LOW HITPOINT WARNING * * *
A hobgoblin comes into view.
The kobold hits you but does no damage.
You are more poisoned.
You hit the kobold.
You kill the kobold!
* * * LOW HITPOINT WARNING * * *
You feel very sick. The frilled lizard bites you.
* * * LOW HITPOINT WARNING * * *
Unknown command.
You hit the frilled lizard.
You kill the frilled lizard!
* * * LOW HITPOINT WARNING * * *
You feel very sick.
You hit the ball python.
The ball python is severely wounded.
You die...

#. ## #.. #.#)#
###...#∆ .## #.##.#
.#....# .##.. ###
#...#.# ......# #...#
...
#..##.##...##.##...
## #...#)#...# #....
##. #..##@# #.##...#
#..
#...#S..#...#.#####.#
##..#g..#.†..........
#..#[[)#.†.##.......
##.#####†.###.......
#..........##......>
#..........##.......
#..........#########
#..........#


You could see a hobgoblin and a ball python.

Vanquished Creatures
  2 endoplasms (D:1)
  2 goblins (D:1)
  2 hobgoblins (D:1)
  3 jackals (D:1)
  2 kobolds (D:1)
  A quokka (D:1)
  A ball python (D:1)
  A bat (D:1)
  2 frilled lizards (D:1)
16 creatures vanquished.

Notes
Turn   | Place    | Note
-------+----------+-------------------------------------------
     0 | D:1      | CaptainMV the Gnoll Wanderer began the quest for the Orb.
     0 | D:1      | CaptainMV set off with the following items: a +2 dagger, 3
                  | curare-tipped darts, a +0 falchion, a +0 ring mail, a
                  | scroll of fog.
     0 | D:1      | Reached XP level 1. HP: 26/26 MP: 2/2
    56 | D:1      | Reached XP level 2. HP: 30/33 MP: 3/3
   137 | D:1      | HP: 1/33 [poisoned by a kobold]
   138 | D:1      | Succumbed to a kobold's poison

Illustrated notes

Levels and vault maps discovered:
D:1:      dpeg_arrival_fog, layout_rooms, minmay_vboxes

Action                     || total
---------------------------++-------
  Melee: Dagger            ||    41
         Bite              ||     3
 Armour: Ring mail         ||    24
  Dodge: Dodged            ||    23
